Saguenéens vs Ice Dragons
Created - November 23, 2018 at 19:05
Goals
|
| Saguenéens |
0 |
1 |
1 |
2 |
| Ice Dragons |
2 |
1 |
3 |
6 |
|
Shots
|
| Saguenéens |
13 |
13 |
11 |
37 |
| Ice Dragons |
13 |
12 |
18 |
43 |
|
1st period
1. Ice Dragons , Kevin Connauton 3 (Darren Helm 9, Harru Sateri) at 14:31 (PP)
2. Ice Dragons , Stefan Ruzicka 8 (Kevin Connauton 9, Michael Chaput 5) at 18:59
Penalties :
Justin Shugg (Kin) for High sticking (Minor) at 11:21, Rhett Rakhshani (Chi) for Hooking (Minor) at 13:56, William Carrier (Kin) for High sticking (Minor) at 16:33
2nd period
3. Saguenéens , Luke Witkowski 12 (Kyle Brodziak 12) at 5:37
4. Ice Dragons , Brandon Kozun 4 (Darren Helm 10) at 17:06
Penalties :
No Penalty
3rd period
5. Saguenéens , Mike Sauer 1 (Tobias Rieder 5, Teemu Pulkkinen 6) at 5:12 (PP)
6. Ice Dragons , Brandon Kozun 5 (Darren Helm 11) at 5:16
7. Ice Dragons , Stefan Ruzicka 9 (Steve Ott 10, Kevin Connauton 10) at 17:14 (PP)
8. Ice Dragons , Darren Helm 8 (Brandon Kozun 5, Michael Stone 3) at 19:37
Penalties :
William Carrier (Kin) for Hooking (Minor) at 3:33, Dalton Prout (Chi) for Tripping (Minor) at 8:07, Tobias Rieder (Chi) for Hooking (Minor) at 15:15, Kyle Brodziak (Chi) for Tripping (Minor) at 15:58
Goalie Stats
Martin Jones (Chi), 37 saves from 43 shots - (0.860), L, 7-5-2, 60:00 minutes
Harru Sateri (Kin), 35 saves from 37 shots - (0.946), W, 4-4-0, 60:00 minutes
Players Stats for Saguenéens
Player Name G A P +/- PIM S H SB GA TA FO MP PP MP PK MP
------------------------------------------------------------------------------------
Adam Erne 0 0 0 0 0 0 0 0 0 0 0/0 0:00 0:00 0:00
Calle Andersson 0 0 0 -1 0 0 0 0 0 0 0/0 14:03 0:00 1:01
Carl Hagelin 0 0 0 -2 0 4 4 2 1 0 0/1 19:14 2:32 0:37
Dalton Prout 0 0 0 -1 2 0 2 4 0 1 0/0 27:11 4:02 2:44
Dylan Labbe 0 0 0 0 0 0 0 0 0 0 0/0 4:24 0:00 0:00
Henrik Samuelsson 0 0 0 0 0 0 0 0 0 0 0/1 0:32 0:00 0:32
Jerry D'Amigo 0 0 0 0 0 1 0 0 0 0 0/0 7:02 0:00 0:00
Juraj Mikus 0 0 0 -1 0 4 1 0 0 0 3/7 11:51 0:00 0:00
Kerby Rychel 0 0 0 -1 0 0 2 0 0 0 0/0 11:51 0:00 0:00
Kyle Brodziak 0 1 1 -2 2 2 2 1 1 0 14/36 22:16 2:32 2:19
Luke Witkowski 1 0 1 -2 0 4 3 1 0 0 0/0 22:52 2:32 3:02
Mattias Janmark 0 0 0 0 0 0 0 0 0 0 0/0 0:00 0:00 0:00
Mike Sauer 1 0 1 -1 0 2 1 3 0 0 0/0 18:12 1:35 1:31
Mikhail Grigorenko 0 0 0 0 0 0 0 0 0 0 1/2 1:54 0:00 1:47
Myles Bell 0 0 0 0 0 1 1 0 0 0 0/0 7:02 0:00 0:00
Nathan MacKinnon 0 0 0 0 0 2 0 0 1 1 8/13 15:54 3:05 0:00
Nick Mattson 0 0 0 -1 0 1 1 1 0 1 0/0 18:12 1:35 1:31
Nick Paul 0 0 0 0 0 0 0 0 0 0 0/0 0:00 0:00 0:00
Rhett Rakhshani 0 0 0 -1 2 2 4 0 1 0 0/0 11:50 0:00 0:00
Robert Hagg 0 0 0 -1 0 0 0 0 0 0 0/0 13:02 0:00 0:00
Seth Jones 0 0 0 -1 0 7 1 3 1 1 0/0 26:08 4:02 3:45
Tanner Richard 0 0 0 0 0 2 0 0 0 0 1/4 7:02 0:00 0:00
Teemu Pulkkinen 0 1 1 0 0 3 1 0 0 0 0/1 16:22 3:05 0:21
Tobias Rieder 0 1 1 0 2 2 1 0 0 1 0/1 16:30 3:05 0:37
Players Stats for Ice Dragons
Player Name G A P +/- PIM S H SB GA TA FO MP PP MP PK MP
------------------------------------------------------------------------------------
Alex Plante 0 0 0 2 0 0 0 0 0 0 0/0 11:23 0:00 0:07
Brandon Kozun 2 1 3 3 0 6 1 0 0 0 2/2 17:25 2:04 0:00
Chris Wagner 0 0 0 1 0 0 0 0 0 0 0/0 4:53 0:00 0:00
Christian Djoos 0 0 0 2 0 0 0 2 0 0 0/0 11:23 0:00 0:07
Damon Severson 0 0 0 1 0 2 1 1 0 0 0/0 19:36 1:44 2:00
Darren Helm 1 3 4 3 0 5 0 0 1 1 11/16 18:50 2:04 1:18
Justin Shugg 0 0 0 0 2 1 0 0 0 0 0/0 12:07 0:00 0:00
Kevin Connauton 1 2 3 0 0 5 2 3 1 1 0/0 29:01 3:32 3:30
Logan MacMillan 0 0 0 -1 0 4 0 0 0 0 0/0 20:15 3:12 0:25
Michael Chaput 0 1 1 0 0 1 1 0 0 1 2/5 13:25 0:00 1:17
Michael Ferland 0 0 0 0 0 0 2 2 0 0 0/1 13:23 0:00 1:15
Michael Stone 0 1 1 0 0 4 2 2 1 0 0/0 29:01 3:32 3:30
Sam Carrick 0 0 0 1 0 0 1 0 0 0 2/3 4:53 0:00 0:00
Samuel Groulx 0 0 0 1 0 1 0 3 0 0 0/0 19:36 1:44 2:00
Stefan Ruzicka 2 0 2 0 0 7 4 1 1 1 4/6 26:32 3:12 3:12
Steve Ott 0 1 1 -1 0 2 4 1 0 0 18/33 23:11 3:12 3:14
Theodor Blueger 0 0 0 0 0 0 0 0 0 0 0/0 1:23 0:00 0:00
William Carrier 0 0 0 3 4 5 4 0 1 1 0/0 18:03 2:04 0:33
3 Stars
1 - Brandon Kozun (Kin)
2 - Darren Helm (Kin)
3 - Stefan Ruzicka (Kin)
Power Play
Saguenéens - 1 on 3 Attempt(s) - 33.33%
Ice Dragons - 2 on 4 Attempt(s) - 50.00%
Penalty Kill
Saguenéens - 2 on 4 Attempt(s) - 50.00%
- Score 0 goal in Penalty Kill
Ice Dragons - 2 on 3 Attempt(s) - 66.67%
- Score 0 goal in Penalty Kill
Team Stat
Saguenéens - Hits : 24 - Faceoff Wins : 27 - Blocked Shots : 15 - Penalty Minutes : 8
Ice Dragons - Hits : 22 - Faceoff Wins : 39 - Blocked Shots : 15 - Penalty Minutes : 6
Official
Referees : Unknown
Linesman : Unknown
Game Notes
No Game Note
Finance
Level 1 -- Attendance: 1350 (67.50%) -- Ticket Income $54,000
Level 2 -- Attendance: 705 (70.50%) -- Ticket Income $14,100
Total Attendance: 2055 (68.50%)
Total Ticket Income: $68,100
Other Income: $3,405
Total Income: $71,505
Saguenéens
5 vs 5 Forward
Center Left Wing Right Wing Time % Phy DF OF
1 Kyle Brodziak Carl Hagelin Luke Witkowski 40 1 2 2
2 Nathan MacKinnon Teemu Pulkkinen Tobias Rieder 30 1 2 2
3 Juraj Mikus Kerby Rychel Rhett Rakhshani 20 1 2 2
4 Tanner Richard Myles Bell Jerry D'Amigo 10 1 2 2
5 vs 5 Defense
Defense Defense Time % Phy DF OF
1 Dalton Prout Seth Jones 40 1 2 2
2 Mike Sauer Nick Mattson 30 1 2 2
3 Robert Hagg Calle Andersson 20 1 2 2
4 Dylan Labbe Dalton Prout 10 1 2 2
PowerPlay Forward
Center Left Wing Right Wing Time % Phy DF OF
1 Kyle Brodziak Carl Hagelin Luke Witkowski 60 1 2 2
2 Nathan MacKinnon Teemu Pulkkinen Tobias Rieder 40 1 2 2
PowerPlay Defense
Defense Defense Time % Phy DF OF
1 Dalton Prout Seth Jones 60 1 2 2
2 Mike Sauer Nick Mattson 40 1 2 2
Penalty Kill 4 Players Forward
Center Wing Time % Phy DF OF
1 Kyle Brodziak Luke Witkowski 60 1 2 2
2 Tobias Rieder Carl Hagelin 40 1 2 2
Penalty Kill 4 Players Defense
Defense Defense Time % Phy DF OF
1 Dalton Prout Seth Jones 60 1 2 2
2 Mike Sauer Nick Mattson 40 1 2 2
Penalty Kill - 3 Players Forward
Forward Time % Phy DF OF
1 Kyle Brodziak 60 1 2 2
2 Luke Witkowski 40 1 2 2
Penalty Kill - 3 Players Defense
Defense Defense Time % Phy DF OF
1 Dalton Prout Seth Jones 60 1 2 2
2 Mike Sauer Nick Mattson 40 1 2 2
4 vs 4 Forward
Center Wing Time % Phy DF OF
1 Kyle Brodziak Luke Witkowski 60 1 2 2
2 Tobias Rieder Carl Hagelin 40 1 2 2
4 vs 4 Defense
Defense Defense Time % Phy DF OF
1 Dalton Prout Seth Jones 60 1 2 2
2 Mike Sauer Nick Mattson 40 1 2 2
Last Minutes Offensive
Center Left Wing Right Wing Defense Defense
Kyle Brodziak Carl Hagelin Luke Witkowski Dalton Prout Seth Jones
Last Minutes Defensive
Center Left Wing Right Wing Defense Defense
Kyle Brodziak Carl Hagelin Luke Witkowski Dalton Prout Seth Jones
Goaltenders
Starting : Martin Jones
Backup : Joe Cannata
Extra Forwards
Normal : Henrik Samuelsson, Mattias Janmark, Mikhail Grigorenko - PP : Henrik Samuelsson, Mattias Janmark - PK : Mikhail Grigorenko
Extra Defensemen
Normal : Robert Hagg, Calle Andersson, Dylan Labbe - PP : Robert Hagg - PK : Calle Andersson, Dylan Labbe
Penalty Shots
Kyle Brodziak, Luke Witkowski, Tobias Rieder, Carl Hagelin, Nathan MacKinnon
Scratches
Craig Cunningham (Healthy), Patrick Sieloff (Healthy), Bobby Sanguinetti (Left Eye Injury)
Ice Dragons
5 vs 5 Forward
Center Left Wing Right Wing Time % Phy DF OF
1 Steve Ott Logan MacMillan Stefan Ruzicka 40 1 2 2
2 Darren Helm William Carrier Brandon Kozun 30 1 2 2
3 Michael Chaput Michael Ferland Justin Shugg 20 1 2 2
4 Sam Carrick Stefan Ruzicka Chris Wagner 10 1 2 2
5 vs 5 Defense
Defense Defense Time % Phy DF OF
1 Kevin Connauton Michael Stone 40 1 2 2
2 Damon Severson Samuel Groulx 30 1 2 2
3 Alex Plante Christian Djoos 20 1 2 2
4 Kevin Connauton Michael Stone 10 1 2 2
PowerPlay Forward
Center Left Wing Right Wing Time % Phy DF OF
1 Steve Ott Logan MacMillan Stefan Ruzicka 60 1 2 2
2 Darren Helm William Carrier Brandon Kozun 40 1 2 2
PowerPlay Defense
Defense Defense Time % Phy DF OF
1 Kevin Connauton Michael Stone 60 1 2 2
2 Damon Severson Samuel Groulx 40 1 2 2
Penalty Kill 4 Players Forward
Center Wing Time % Phy DF OF
1 Stefan Ruzicka Steve Ott 60 1 2 2
2 Darren Helm Michael Chaput 40 1 2 2
Penalty Kill 4 Players Defense
Defense Defense Time % Phy DF OF
1 Kevin Connauton Michael Stone 60 1 2 2
2 Damon Severson Samuel Groulx 40 1 2 2
Penalty Kill - 3 Players Forward
Forward Time % Phy DF OF
1 Stefan Ruzicka 60 1 2 2
2 Steve Ott 40 1 2 2
Penalty Kill - 3 Players Defense
Defense Defense Time % Phy DF OF
1 Kevin Connauton Michael Stone 60 1 2 2
2 Damon Severson Samuel Groulx 40 1 2 2
4 vs 4 Forward
Center Wing Time % Phy DF OF
1 Stefan Ruzicka Steve Ott 60 1 2 2
2 Darren Helm Michael Chaput 40 1 2 2
4 vs 4 Defense
Defense Defense Time % Phy DF OF
1 Kevin Connauton Michael Stone 60 1 2 2
2 Damon Severson Samuel Groulx 40 1 2 2
Last Minutes Offensive
Center Left Wing Right Wing Defense Defense
Steve Ott Logan MacMillan Stefan Ruzicka Kevin Connauton Michael Stone
Last Minutes Defensive
Center Left Wing Right Wing Defense Defense
Steve Ott Logan MacMillan Stefan Ruzicka Kevin Connauton Michael Stone
Goaltenders
Starting : Harru Sateri
Backup : Anders Nilsson
Extra Forwards
Normal : Theodor Blueger, Sam Carrick, Michael Ferland - PP : Theodor Blueger, Sam Carrick - PK : Michael Ferland
Extra Defensemen
Normal : Alex Plante, Christian Djoos, Damon Severson - PP : Alex Plante - PK : Christian Djoos, Damon Severson
Penalty Shots
Stefan Ruzicka, Steve Ott, Darren Helm, Michael Chaput, Brandon Kozun
Scratches
Thomas Gobeil (Healthy), Brayden McNabb (Sore Left Knee Injury), Alex Henriksson (Healthy), Emil Pettersson (Healthy), Cole Ully (Healthy)
Oscar Dansk (Healthy)
% Time on Ice - Saguenéens
Lines # - Real PCT - Wanted PCT - Time Play
Normal Forward
1 - 35% - 40% - 17:25
2 - 26% - 30% - 12:49
3 - 24% - 20% - 11:51
4 - 14% - 10% - 7:02
Normal Defense
1 - 37% - 40% - 18:21
2 - 31% - 30% - 15:06
3 - 27% - 20% - 13:02
4 - 5% - 10% - 2:38
PP Forward
1 - 45% - 60% - 2:32
2 - 55% - 40% - 3:05
PP Defense
1 - 72% - 60% - 4:02
2 - 28% - 40% - 1:35
PK Forward
1 - 85% - 60% - 3:23
2 - 15% - 40% - 0:37
PK Defense
1 - 62% - 60% - 2:29
2 - 38% - 40% - 1:31
PK3 Forward
1 - 100% - 60% - 1:16
2 - 0% - 40% - 0:00
PK3 Defense
1 - 100% - 60% - 1:16
2 - 0% - 40% - 0:00
44 Forward
1 - 0% - 60%
2 - 0% - 40%
44 Defense
1 - 0% - 60%
2 - 0% - 40%
Last Minute Offensive - 0:00
Last Minute Defensive - 0:00
Total
Forward - 60:00
Defense - 60:00
|
% Time on Ice - Ice Dragons
Lines # - Real PCT - Wanted PCT - Time Play
Normal Forward
1 - 34% - 40% - 16:45
2 - 31% - 30% - 15:21
3 - 25% - 20% - 12:08
4 - 10% - 10% - 4:53
Normal Defense
1 - 39% - 40% - 19:01
2 - 32% - 30% - 15:52
3 - 22% - 20% - 11:00
4 - 7% - 10% - 3:14
PP Forward
1 - 61% - 60% - 3:12
2 - 39% - 40% - 2:04
PP Defense
1 - 67% - 60% - 3:32
2 - 33% - 40% - 1:44
PK Forward
1 - 77% - 60% - 4:20
2 - 23% - 40% - 1:17
PK Defense
1 - 64% - 60% - 3:37
2 - 36% - 40% - 2:00
PK3 Forward
1 - 0% - 60%
2 - 0% - 40%
PK3 Defense
1 - 0% - 60%
2 - 0% - 40%
44 Forward
1 - 0% - 60%
2 - 0% - 40%
44 Defense
1 - 0% - 60%
2 - 0% - 40%
Last Minute Offensive - 0:00
Last Minute Defensive - 0:00
Total
Forward - 60:00
Defense - 60:00
|
Play by Play
1st period
0:01 of 1st period - Steve Ott wins face-off versus Kyle Brodziak in neutral zone.
0:39 of 1st period - Snap shot by Nathan MacKinnon.
0:39 of 1st period - Stopped by Harru Sateri with a rebound.
0:57 of 1st period - Snap shot by Darren Helm.
0:57 of 1st period - Deflect By Brandon Kozun.
0:57 of 1st period - Stopped by Martin Jones without a rebound.
0:58 of 1st period - Sam Carrick wins face-off versus Tanner Richard in Saguenéens zone.
1:23 of 1st period - Kyle Brodziak is hit by Damon Severson.
1:43 of 1st period - Wrist shot by Darren Helm.
1:43 of 1st period - Stopped by Martin Jones with a rebound.
2:11 of 1st period - Snap shot by Justin Shugg.
2:11 of 1st period - Stopped by Martin Jones without a rebound.
2:12 of 1st period - Steve Ott wins face-off versus Kyle Brodziak in Saguenéens zone.
2:15 of 1st period - Snap shot by Steve Ott.
2:15 of 1st period - Shot Blocked by Kyle Brodziak.
2:17 of 1st period - Slapshot by Kevin Connauton.
2:17 of 1st period - Stopped by Martin Jones without a rebound.
2:18 of 1st period - Kyle Brodziak wins face-off versus Steve Ott in Saguenéens zone.
2:18 of 1st period - Kyle Brodziak is hit by Steve Ott.
2:26 of 1st period - Wrist shot by Carl Hagelin.
2:26 of 1st period - Stopped by Harru Sateri without a rebound.
2:27 of 1st period - Nathan MacKinnon wins face-off versus Steve Ott in Ice Dragons zone.
2:52 of 1st period - Luke Witkowski is hit by William Carrier and loses puck.
3:01 of 1st period - Alex Plante is hit by Carl Hagelin and loses puck.
3:19 of 1st period - Slapshot by Juraj Mikus.
3:19 of 1st period - Stopped by Harru Sateri without a rebound.
3:20 of 1st period - Tanner Richard wins face-off versus Steve Ott in Ice Dragons zone.
3:31 of 1st period - Snap shot by Myles Bell.
3:31 of 1st period - Stopped by Harru Sateri with a rebound.
3:33 of 1st period - Wrist shot by Mike Sauer.
3:33 of 1st period - Stopped by Harru Sateri without a rebound.
3:34 of 1st period - Darren Helm wins face-off versus Kyle Brodziak in Ice Dragons zone.
3:34 of 1st period - Darren Helm is hit by Luke Witkowski.
3:50 of 1st period - Backhand shot by Seth Jones.
3:50 of 1st period - Stopped by Harru Sateri without a rebound.
3:51 of 1st period - Steve Ott wins face-off versus Nathan MacKinnon in Ice Dragons zone.
3:51 of 1st period - Steve Ott is hit by Tobias Rieder.
4:03 of 1st period - Wrist shot by Teemu Pulkkinen.
4:03 of 1st period - Shot Blocked by Samuel Groulx.
4:17 of 1st period - Stefan Ruzicka is hit by Luke Witkowski and loses puck.
4:31 of 1st period - Snap shot by Stefan Ruzicka.
4:31 of 1st period - Stopped by Martin Jones with a rebound.
4:33 of 1st period - Wrist shot by Logan MacMillan.
4:33 of 1st period - Shot Blocked by Dalton Prout.
4:35 of 1st period - Slapshot by Logan MacMillan.
4:35 of 1st period - Stopped by Martin Jones without a rebound.
4:36 of 1st period - Darren Helm wins face-off versus Juraj Mikus in Saguenéens zone.
4:41 of 1st period - Wrist shot by Darren Helm.
4:41 of 1st period - Shot Misses the Net.
4:53 of 1st period - Michael Stone is hit by Mike Sauer and loses puck.
6:12 of 1st period - Snap shot by Stefan Ruzicka.
6:12 of 1st period - Shot Misses the Net.
6:48 of 1st period - Alex Plante is hit by Kyle Brodziak and loses puck.
7:27 of 1st period - Michael Stone is hit by Kerby Rychel and loses puck.
7:53 of 1st period - Michael Stone is hit by Dalton Prout and loses puck.
8:08 of 1st period - Carl Hagelin is hit by Steve Ott and loses puck.
9:00 of 1st period - Teemu Pulkkinen is hit by Steve Ott.
9:35 of 1st period - Samuel Groulx is hit by Kerby Rychel and loses puck.
9:44 of 1st period - Slapshot by Rhett Rakhshani.
9:44 of 1st period - Stopped by Harru Sateri without a rebound.
9:45 of 1st period - Nathan MacKinnon wins face-off versus Darren Helm in Ice Dragons zone.
9:48 of 1st period - Snap shot by Tobias Rieder.
9:48 of 1st period - Shot Blocked by Kevin Connauton.
10:12 of 1st period - Robert Hagg is hit by Steve Ott and loses puck.
10:34 of 1st period - Icing by Juraj Mikus.
10:35 of 1st period - Michael Chaput wins face-off versus Juraj Mikus in Saguenéens zone.
10:44 of 1st period - Snap shot by Michael Chaput.
10:44 of 1st period - Stopped by Martin Jones with a rebound.
11:21 of 1st period - Minor Penalty to Justin Shugg for High sticking.
11:22 of 1st period - Stefan Ruzicka wins face-off versus Carl Hagelin in Ice Dragons zone.
11:58 of 1st period - Slapshot by Seth Jones.
11:58 of 1st period - Shot Misses the Net.
12:15 of 1st period - Icing by Teemu Pulkkinen.
12:16 of 1st period - Nathan MacKinnon wins face-off versus Michael Ferland in Saguenéens zone.
12:31 of 1st period - Michael Ferland is hit by Seth Jones and loses puck.
12:44 of 1st period - Snap shot by Teemu Pulkkinen.
12:44 of 1st period - Stopped by Harru Sateri without a rebound.
12:45 of 1st period - Kyle Brodziak wins face-off versus Stefan Ruzicka in Ice Dragons zone.
13:21 of 1st period - Penalty to Justin Shugg is over, Justin Shugg is back on ice.
13:34 of 1st period - Snap shot by Brandon Kozun.
13:34 of 1st period - Deflect By William Carrier.
13:34 of 1st period - Stopped by Martin Jones without a rebound.
13:35 of 1st period - Juraj Mikus wins face-off versus Michael Chaput in Saguenéens zone.
13:56 of 1st period - Minor Penalty to Rhett Rakhshani for Hooking.
13:57 of 1st period - Steve Ott wins face-off versus Kyle Brodziak in Saguenéens zone.
14:31 of 1st period - Snap shot by Kevin Connauton.
14:31 of 1st period - Goal by Kevin Connauton - Saguenéens : 0 - Ice Dragons : 1.
14:32 of 1st period - Kyle Brodziak wins face-off versus Steve Ott in neutral zone.
14:41 of 1st period - Slapshot by Steve Ott.
14:41 of 1st period - Shot Blocked by Dalton Prout.
14:47 of 1st period - Wrist shot by Stefan Ruzicka.
14:47 of 1st period - Shot Blocked by Carl Hagelin.
14:57 of 1st period - Tobias Rieder is hit by Michael Stone and loses puck.
15:18 of 1st period - Snap shot by William Carrier.
15:18 of 1st period - Stopped by Martin Jones with a rebound.
15:47 of 1st period - Wrist shot by Rhett Rakhshani.
15:47 of 1st period - Deflect By Juraj Mikus.
15:47 of 1st period - Stopped by Harru Sateri with a rebound.
15:59 of 1st period - Slapshot by Carl Hagelin.
15:59 of 1st period - Shot Misses the Net.
16:01 of 1st period - Wrist shot by Calle Andersson.
16:01 of 1st period - Shot Blocked by Samuel Groulx.
16:03 of 1st period - Slapshot by Luke Witkowski.
16:03 of 1st period - Deflect By Kyle Brodziak.
16:03 of 1st period - Stopped by Harru Sateri with a rebound.
16:33 of 1st period - Minor Penalty to William Carrier for High sticking.
16:34 of 1st period - Stefan Ruzicka wins face-off versus Kyle Brodziak in Ice Dragons zone.
16:45 of 1st period - Backhand shot by Seth Jones.
16:45 of 1st period - Deflect By Luke Witkowski.
16:45 of 1st period - Shot Blocked by Michael Stone.
16:45 of 1st period - Puck is out of play.
16:46 of 1st period - Kyle Brodziak wins face-off versus Stefan Ruzicka in Ice Dragons zone.
16:47 of 1st period - Slapshot by Seth Jones.
16:47 of 1st period - Stopped by Harru Sateri with a rebound.
18:33 of 1st period - Penalty to William Carrier is over, William Carrier is back on ice.
18:55 of 1st period - Wrist shot by Stefan Ruzicka.
18:55 of 1st period - Shot Misses the Net.
18:57 of 1st period - Wrist shot by Kevin Connauton.
18:57 of 1st period - Shot Misses the Net.
18:59 of 1st period - Snap shot by Stefan Ruzicka.
18:59 of 1st period - Goal by Stefan Ruzicka - Saguenéens : 0 - Ice Dragons : 2.
19:00 of 1st period - Kyle Brodziak wins face-off versus Steve Ott in neutral zone.
19:03 of 1st period - Slapshot by Dalton Prout.
19:03 of 1st period - Deflect By Carl Hagelin.
19:03 of 1st period - Stopped by Harru Sateri without a rebound.
19:04 of 1st period - Kyle Brodziak wins face-off versus Steve Ott in Ice Dragons zone.
19:09 of 1st period - Slapshot by Seth Jones.
19:09 of 1st period - Shot Blocked by Steve Ott.
19:11 of 1st period - Slapshot by Seth Jones.
19:11 of 1st period - Shot Misses the Net.
19:15 of 1st period - Wrist shot by Kyle Brodziak.
19:15 of 1st period - Shot Blocked by Michael Stone.
19:17 of 1st period - Slapshot by Seth Jones.
19:17 of 1st period - Stopped by Harru Sateri without a rebound.
19:18 of 1st period - Steve Ott wins face-off versus Kyle Brodziak in Ice Dragons zone.
19:18 of 1st period - Steve Ott is hit by Kyle Brodziak.
19:24 of 1st period - Backhand shot by Kevin Connauton.
19:24 of 1st period - Stopped by Martin Jones without a rebound.
19:25 of 1st period - Steve Ott wins face-off versus Kyle Brodziak in Saguenéens zone.
19:50 of 1st period - Slapshot by Darren Helm.
19:50 of 1st period - Stopped by Martin Jones without a rebound.
19:51 of 1st period - Darren Helm wins face-off versus Nathan MacKinnon in Saguenéens zone.
Goals for this period are 0 for Saguenéens vs 2 for Ice Dragons.
Shots for this period are 13 for Saguenéens vs 13 for Ice Dragons.
2nd period
0:01 of 2nd period - Kyle Brodziak wins face-off versus Steve Ott in neutral zone.
1:09 of 2nd period - Snap shot by Kyle Brodziak.
1:09 of 2nd period - Stopped by Harru Sateri without a rebound.
1:10 of 2nd period - Steve Ott wins face-off versus Kyle Brodziak in Ice Dragons zone.
1:10 of 2nd period - Steve Ott is hit by Carl Hagelin.
1:24 of 2nd period - Snap shot by Steve Ott.
1:24 of 2nd period - Shot Blocked by Luke Witkowski.
1:26 of 2nd period - Wrist shot by Logan MacMillan.
1:26 of 2nd period - Shot Misses the Net.
1:44 of 2nd period - Snap shot by Tobias Rieder.
1:44 of 2nd period - Shot Misses the Net.
1:46 of 2nd period - Slapshot by Nick Mattson.
1:46 of 2nd period - Shot Misses the Net.
1:48 of 2nd period - Slapshot by Teemu Pulkkinen.
1:48 of 2nd period - Stopped by Harru Sateri with a rebound.
2:42 of 2nd period - Wrist shot by Carl Hagelin.
2:42 of 2nd period - Shot Blocked by Christian Djoos.
3:43 of 2nd period - Off-side.
3:44 of 2nd period - Darren Helm wins face-off versus Juraj Mikus in neutral zone.
3:59 of 2nd period - Wrist shot by Brandon Kozun.
3:59 of 2nd period - Stopped by Martin Jones without a rebound.
4:00 of 2nd period - Kyle Brodziak wins face-off versus Steve Ott in Saguenéens zone.
4:00 of 2nd period - Kyle Brodziak is hit by Stefan Ruzicka.
4:16 of 2nd period - Wrist shot by Carl Hagelin.
4:16 of 2nd period - Stopped by Harru Sateri with a rebound.
4:30 of 2nd period - Wrist shot by Brandon Kozun.
4:30 of 2nd period - Shot Misses the Net.
4:56 of 2nd period - Seth Jones is hit by Michael Ferland and loses puck.
5:11 of 2nd period - Slapshot by Seth Jones.
5:11 of 2nd period - Shot Misses the Net.
5:13 of 2nd period - Slapshot by Seth Jones.
5:13 of 2nd period - Deflect By Rhett Rakhshani.
5:13 of 2nd period - Shot Misses the Net.
5:13 of 2nd period - Puck is out of play.
5:14 of 2nd period - Juraj Mikus wins face-off versus Darren Helm in Ice Dragons zone.
5:33 of 2nd period - Snap shot by Juraj Mikus.
5:33 of 2nd period - Stopped by Harru Sateri with a rebound.
5:35 of 2nd period - Slapshot by Nick Mattson.
5:35 of 2nd period - Deflect By Rhett Rakhshani.
5:35 of 2nd period - Stopped by Harru Sateri without a rebound.
5:36 of 2nd period - Kyle Brodziak wins face-off versus Steve Ott in Ice Dragons zone.
5:37 of 2nd period - Snap shot by Luke Witkowski.
5:37 of 2nd period - Goal by Luke Witkowski - Saguenéens : 1 - Ice Dragons : 2.
5:38 of 2nd period - Kyle Brodziak wins face-off versus Steve Ott in neutral zone.
5:47 of 2nd period - Snap shot by Kyle Brodziak.
5:47 of 2nd period - Deflect By Carl Hagelin.
5:47 of 2nd period - Stopped by Harru Sateri without a rebound.
5:48 of 2nd period - Steve Ott wins face-off versus Kyle Brodziak in Ice Dragons zone.
5:59 of 2nd period - Snap shot by Stefan Ruzicka.
5:59 of 2nd period - Stopped by Martin Jones with a rebound.
6:31 of 2nd period - Wrist shot by Steve Ott.
6:31 of 2nd period - Shot Misses the Net.
6:33 of 2nd period - Slapshot by Steve Ott.
6:33 of 2nd period - Shot Blocked by Mike Sauer.
6:35 of 2nd period - Slapshot by Michael Stone.
6:35 of 2nd period - Stopped by Martin Jones with a rebound.
6:37 of 2nd period - Snap shot by Kevin Connauton.
6:37 of 2nd period - Stopped by Martin Jones with a rebound.
6:39 of 2nd period - Slapshot by Michael Stone.
6:39 of 2nd period - Deflect By Carl Hagelin.
6:39 of 2nd period - Stopped by Martin Jones with a rebound.
6:49 of 2nd period - Backhand shot by Stefan Ruzicka.
6:49 of 2nd period - Shot Blocked by Carl Hagelin.
6:51 of 2nd period - Slapshot by Stefan Ruzicka.
6:51 of 2nd period - Stopped by Martin Jones without a rebound.
6:52 of 2nd period - Darren Helm wins face-off versus Teemu Pulkkinen in Saguenéens zone.
6:53 of 2nd period - Snap shot by William Carrier.
6:53 of 2nd period - Stopped by Martin Jones with a rebound.
7:18 of 2nd period - Michael Ferland is hit by Dalton Prout and loses puck.
7:39 of 2nd period - Snap shot by Tanner Richard.
7:39 of 2nd period - Stopped by Harru Sateri with a rebound.
7:41 of 2nd period - Snap shot by Tanner Richard.
7:41 of 2nd period - Stopped by Harru Sateri without a rebound.
7:42 of 2nd period - Darren Helm wins face-off versus Tanner Richard in Ice Dragons zone.
8:07 of 2nd period - Nathan MacKinnon is hit by Sam Carrick and loses puck.
8:16 of 2nd period - Wrist shot by Teemu Pulkkinen.
8:16 of 2nd period - Shot Blocked by Christian Djoos.
10:30 of 2nd period - Carl Hagelin is hit by Kevin Connauton and loses puck.
11:09 of 2nd period - Samuel Groulx is hit by Myles Bell and loses puck.
11:45 of 2nd period - Icing by Kyle Brodziak.
11:46 of 2nd period - Michael Chaput wins face-off versus Kyle Brodziak in Saguenéens zone.
12:12 of 2nd period - Off-side.
12:13 of 2nd period - Darren Helm wins face-off versus Nathan MacKinnon in neutral zone.
12:20 of 2nd period - Slapshot by Darren Helm.
12:20 of 2nd period - Stopped by Martin Jones with a rebound.
12:22 of 2nd period - Wrist shot by Darren Helm.
12:22 of 2nd period - Deflect By William Carrier.
12:22 of 2nd period - Stopped by Martin Jones with a rebound.
12:42 of 2nd period - Christian Djoos is hit by Luke Witkowski.
12:46 of 2nd period - Slapshot by Seth Jones.
12:46 of 2nd period - Stopped by Harru Sateri without a rebound.
12:47 of 2nd period - Kyle Brodziak wins face-off versus Steve Ott in Ice Dragons zone.
13:37 of 2nd period - Icing by Michael Stone.
13:38 of 2nd period - Brandon Kozun wins face-off versus Juraj Mikus in Ice Dragons zone.
14:05 of 2nd period - Kyle Brodziak is hit by Stefan Ruzicka and loses puck.
14:47 of 2nd period - Off-side.
14:48 of 2nd period - Sam Carrick wins face-off versus Tanner Richard in neutral zone.
15:13 of 2nd period - Nick Mattson is hit by Michael Ferland.
15:20 of 2nd period - Off-side.
15:21 of 2nd period - Nathan MacKinnon wins face-off versus Steve Ott in neutral zone.
15:35 of 2nd period - Wrist shot by Steve Ott.
15:35 of 2nd period - Stopped by Martin Jones with a rebound.
15:42 of 2nd period - Icing by Dylan Labbe.
15:43 of 2nd period - Kyle Brodziak wins face-off versus Darren Helm in Saguenéens zone.
15:58 of 2nd period - Wrist shot by Brandon Kozun.
15:58 of 2nd period - Shot Misses the Net.
16:12 of 2nd period - Snap shot by Nathan MacKinnon.
16:12 of 2nd period - Stopped by Harru Sateri with a rebound.
16:14 of 2nd period - Slapshot by Tobias Rieder.
16:14 of 2nd period - Stopped by Harru Sateri without a rebound.
16:15 of 2nd period - Steve Ott wins face-off versus Nathan MacKinnon in Ice Dragons zone.
16:42 of 2nd period - William Carrier is hit by Carl Hagelin and loses puck.
16:59 of 2nd period - Kyle Brodziak is hit by William Carrier and loses puck.
17:04 of 2nd period - Slapshot by Brandon Kozun.
17:04 of 2nd period - Shot Misses the Net.
17:06 of 2nd period - Wrist shot by Brandon Kozun.
17:06 of 2nd period - Goal by Brandon Kozun - Saguenéens : 1 - Ice Dragons : 3.
17:07 of 2nd period - Steve Ott wins face-off versus Kyle Brodziak in neutral zone.
17:32 of 2nd period - Logan MacMillan is hit by Juraj Mikus and loses puck.
18:19 of 2nd period - Slapshot by Kevin Connauton.
18:19 of 2nd period - Stopped by Martin Jones with a rebound.
18:31 of 2nd period - Nick Mattson is hit by Michael Stone and loses puck.
18:48 of 2nd period - Slapshot by Kevin Connauton.
18:48 of 2nd period - Shot Misses the Net.
19:14 of 2nd period - Snap shot by Jerry D'Amigo.
19:14 of 2nd period - Stopped by Harru Sateri with a rebound.
19:27 of 2nd period - Off-side.
19:28 of 2nd period - Nathan MacKinnon wins face-off versus Sam Carrick in neutral zone.
19:38 of 2nd period - Snap shot by Sam Carrick.
19:38 of 2nd period - Shot Misses the Net.
19:58 of 2nd period - Slapshot by Seth Jones.
19:58 of 2nd period - Shot Blocked by Stefan Ruzicka.
Goals for this period are 1 for Saguenéens vs 1 for Ice Dragons.
Shots for this period are 13 for Saguenéens vs 12 for Ice Dragons.
3rd period
0:01 of 3rd period - Kyle Brodziak wins face-off versus Steve Ott in neutral zone.
0:33 of 3rd period - Wrist shot by Darren Helm.
0:33 of 3rd period - Shot Blocked by Dalton Prout.
0:49 of 3rd period - Christian Djoos is hit by Nick Mattson and loses puck.
1:10 of 3rd period - Logan MacMillan is hit by Rhett Rakhshani and loses puck.
1:33 of 3rd period - Slapshot by Carl Hagelin.
1:33 of 3rd period - Deflect By Luke Witkowski.
1:33 of 3rd period - Shot Misses the Net.
1:33 of 3rd period - Puck is out of play.
1:34 of 3rd period - Brandon Kozun wins face-off versus Kyle Brodziak in Ice Dragons zone.
1:47 of 3rd period - Snap shot by Darren Helm.
1:47 of 3rd period - Deflect By William Carrier.
1:47 of 3rd period - Shot Misses the Net.
1:47 of 3rd period - Puck is out of play.
1:48 of 3rd period - Nathan MacKinnon wins face-off versus Darren Helm in Saguenéens zone.
1:59 of 3rd period - Backhand shot by Seth Jones.
1:59 of 3rd period - Shot Misses the Net.
2:21 of 3rd period - Slapshot by Seth Jones.
2:21 of 3rd period - Deflect By Stefan Ruzicka.
2:21 of 3rd period - Stopped by Harru Sateri with a rebound.
2:23 of 3rd period - Snap shot by Seth Jones.
2:23 of 3rd period - Stopped by Harru Sateri with a rebound.
3:01 of 3rd period - Slapshot by Michael Ferland.
3:01 of 3rd period - Shot Misses the Net.
3:03 of 3rd period - Slapshot by Alex Plante.
3:03 of 3rd period - Shot Misses the Net.
3:05 of 3rd period - Slapshot by Justin Shugg.
3:05 of 3rd period - Shot Misses the Net.
3:07 of 3rd period - Wrist shot by Justin Shugg.
3:07 of 3rd period - Shot Misses the Net.
3:33 of 3rd period - Minor Penalty to William Carrier for Hooking.
3:34 of 3rd period - Stefan Ruzicka wins face-off versus Kyle Brodziak in Ice Dragons zone.
3:43 of 3rd period - Slapshot by Seth Jones.
3:43 of 3rd period - Shot Misses the Net.
3:45 of 3rd period - Slapshot by Dalton Prout.
3:45 of 3rd period - Shot Blocked by Kevin Connauton.
5:10 of 3rd period - Snap shot by Tobias Rieder.
5:10 of 3rd period - Shot Blocked by Kevin Connauton.
5:12 of 3rd period - Slapshot by Mike Sauer.
5:12 of 3rd period - Goal by Mike Sauer - Saguenéens : 2 - Ice Dragons : 3.
5:13 of 3rd period - Darren Helm wins face-off versus Kyle Brodziak in neutral zone.
5:16 of 3rd period - Slapshot by Brandon Kozun.
5:16 of 3rd period - Goal by Brandon Kozun - Saguenéens : 2 - Ice Dragons : 4.
5:17 of 3rd period - Steve Ott wins face-off versus Kyle Brodziak in neutral zone.
5:42 of 3rd period - Brandon Kozun is hit by Rhett Rakhshani and loses puck.
5:49 of 3rd period - Snap shot by Brandon Kozun.
5:49 of 3rd period - Stopped by Martin Jones without a rebound.
5:50 of 3rd period - Nathan MacKinnon wins face-off versus Steve Ott in Saguenéens zone.
6:02 of 3rd period - Mike Sauer is hit by Stefan Ruzicka and loses puck.
6:15 of 3rd period - Logan MacMillan is hit by Rhett Rakhshani.
6:25 of 3rd period - Snap shot by Stefan Ruzicka.
6:25 of 3rd period - Shot Blocked by Mike Sauer.
6:27 of 3rd period - Wrist shot by Logan MacMillan.
6:27 of 3rd period - Stopped by Martin Jones with a rebound.
6:39 of 3rd period - Wrist shot by Stefan Ruzicka.
6:39 of 3rd period - Shot Blocked by Nick Mattson.
6:51 of 3rd period - Snap shot by Stefan Ruzicka.
6:51 of 3rd period - Shot Misses the Net.
7:07 of 3rd period - Snap shot by Stefan Ruzicka.
7:07 of 3rd period - Stopped by Martin Jones without a rebound.
7:08 of 3rd period - Darren Helm wins face-off versus Kyle Brodziak in Saguenéens zone.
7:11 of 3rd period - Snap shot by Darren Helm.
7:11 of 3rd period - Stopped by Martin Jones without a rebound.
7:12 of 3rd period - Kyle Brodziak wins face-off versus Darren Helm in Saguenéens zone.
7:23 of 3rd period - Wrist shot by Brandon Kozun.
7:23 of 3rd period - Shot Blocked by Seth Jones.
7:25 of 3rd period - Slapshot by Michael Stone.
7:25 of 3rd period - Deflect By Carl Hagelin.
7:25 of 3rd period - Stopped by Martin Jones without a rebound.
7:26 of 3rd period - Nathan MacKinnon wins face-off versus Michael Chaput in Saguenéens zone.
7:55 of 3rd period - Slapshot by Seth Jones.
7:55 of 3rd period - Shot Misses the Net.
8:01 of 3rd period - Slapshot by Kevin Connauton.
8:01 of 3rd period - Shot Misses the Net.
8:07 of 3rd period - Minor Penalty to Dalton Prout for Tripping.
8:08 of 3rd period - Steve Ott wins face-off versus Kyle Brodziak in Saguenéens zone.
8:39 of 3rd period - Snap shot by Brandon Kozun.
8:39 of 3rd period - Shot Blocked by Mike Sauer.
8:41 of 3rd period - Wrist shot by Brandon Kozun.
8:41 of 3rd period - Stopped by Martin Jones with a rebound.
8:55 of 3rd period - Snap shot by Tobias Rieder.
8:55 of 3rd period - Stopped by Harru Sateri without a rebound.
8:56 of 3rd period - Steve Ott wins face-off versus Tobias Rieder in Ice Dragons zone.
9:03 of 3rd period - Steve Ott is hit by Carl Hagelin and loses puck.
9:28 of 3rd period - Kyle Brodziak is hit by William Carrier and loses puck.
9:49 of 3rd period - Wrist shot by Teemu Pulkkinen.
9:49 of 3rd period - Stopped by Harru Sateri with a rebound.
9:51 of 3rd period - Slapshot by Seth Jones.
9:51 of 3rd period - Stopped by Harru Sateri with a rebound.
9:53 of 3rd period - Slapshot by Calle Andersson.
9:53 of 3rd period - Shot Blocked by Samuel Groulx.
10:07 of 3rd period - Penalty to Dalton Prout is over, Dalton Prout is back on ice.
10:11 of 3rd period - Wrist shot by Luke Witkowski.
10:11 of 3rd period - Stopped by Harru Sateri with a rebound.
10:17 of 3rd period - Slapshot by Kyle Brodziak.
10:17 of 3rd period - Shot Misses the Net.
10:49 of 3rd period - Slapshot by Damon Severson.
10:49 of 3rd period - Stopped by Martin Jones with a rebound.
10:57 of 3rd period - Slapshot by Luke Witkowski.
10:57 of 3rd period - Stopped by Harru Sateri with a rebound.
10:59 of 3rd period - Slapshot by Mike Sauer.
10:59 of 3rd period - Shot Blocked by Damon Severson.
11:01 of 3rd period - Slapshot by Luke Witkowski.
11:01 of 3rd period - Shot Misses the Net.
11:13 of 3rd period - Slapshot by Luke Witkowski.
11:13 of 3rd period - Shot Blocked by Michael Ferland.
11:15 of 3rd period - Slapshot by Luke Witkowski.
11:15 of 3rd period - Stopped by Harru Sateri with a rebound.
11:17 of 3rd period - Snap shot by Kyle Brodziak.
11:17 of 3rd period - Shot Blocked by Michael Ferland.
11:19 of 3rd period - Wrist shot by Nick Mattson.
11:19 of 3rd period - Stopped by Harru Sateri without a rebound.
11:20 of 3rd period - Steve Ott wins face-off versus Nathan MacKinnon in Ice Dragons zone.
11:49 of 3rd period - Wrist shot by Darren Helm.
11:49 of 3rd period - Shot Blocked by Seth Jones.
11:51 of 3rd period - Backhand shot by Michael Stone.
11:51 of 3rd period - Shot Misses the Net.
12:46 of 3rd period - Teemu Pulkkinen is hit by Kevin Connauton and loses puck.
13:20 of 3rd period - Damon Severson is hit by Rhett Rakhshani and loses puck.
13:31 of 3rd period - Snap shot by Nathan MacKinnon.
13:31 of 3rd period - Shot Misses the Net.
14:23 of 3rd period - Rhett Rakhshani is hit by William Carrier and loses puck.
15:08 of 3rd period - Tobias Rieder is hit by Brandon Kozun and loses puck.
15:15 of 3rd period - Minor Penalty to Tobias Rieder for Hooking.
15:16 of 3rd period - Stefan Ruzicka wins face-off versus Kyle Brodziak in Saguenéens zone.
15:17 of 3rd period - Snap shot by Steve Ott.
15:17 of 3rd period - Stopped by Martin Jones with a rebound.
15:19 of 3rd period - Slapshot by Steve Ott.
15:19 of 3rd period - Deflect By Logan MacMillan.
15:19 of 3rd period - Stopped by Martin Jones without a rebound.
15:20 of 3rd period - Steve Ott wins face-off versus Kyle Brodziak in Saguenéens zone.
15:29 of 3rd period - Slapshot by Stefan Ruzicka.
15:29 of 3rd period - Shot Blocked by Seth Jones.
15:31 of 3rd period - Slapshot by Samuel Groulx.
15:31 of 3rd period - Shot Blocked by Dalton Prout.
15:36 of 3rd period - Wrist shot by Stefan Ruzicka.
15:36 of 3rd period - Stopped by Martin Jones without a rebound.
15:37 of 3rd period - Darren Helm wins face-off versus Kyle Brodziak in Saguenéens zone.
15:58 of 3rd period - Minor Penalty to Kyle Brodziak for Tripping.
15:59 of 3rd period - Mikhail Grigorenko wins face-off versus Steve Ott in Saguenéens zone.
15:59 of 3rd period - Mikhail Grigorenko is hit by Stefan Ruzicka.
16:08 of 3rd period - Off-side.
16:09 of 3rd period - Steve Ott wins face-off versus Mikhail Grigorenko in neutral zone.
16:22 of 3rd period - Slapshot by Michael Stone.
16:22 of 3rd period - Stopped by Martin Jones with a rebound.
17:00 of 3rd period - Slapshot by Stefan Ruzicka.
17:00 of 3rd period - Shot Misses the Net.
17:02 of 3rd period - Snap shot by Logan MacMillan.
17:02 of 3rd period - Stopped by Martin Jones with a rebound.
17:04 of 3rd period - Slapshot by Kevin Connauton.
17:04 of 3rd period - Shot Misses the Net.
17:14 of 3rd period - Snap shot by Stefan Ruzicka.
17:14 of 3rd period - Goal by Stefan Ruzicka - Saguenéens : 2 - Ice Dragons : 5.
17:15 of 3rd period - Darren Helm wins face-off versus Henrik Samuelsson in neutral zone.
17:18 of 3rd period - Slapshot by Damon Severson.
17:18 of 3rd period - Stopped by Martin Jones with a rebound.
17:58 of 3rd period - Penalty to Kyle Brodziak is over, Kyle Brodziak is back on ice.
18:14 of 3rd period - Snap shot by Juraj Mikus.
18:14 of 3rd period - Stopped by Harru Sateri without a rebound.
18:15 of 3rd period - Juraj Mikus wins face-off versus Michael Chaput in Ice Dragons zone.
18:24 of 3rd period - Kerby Rychel is hit by Michael Chaput and loses puck.
18:48 of 3rd period - Darren Helm is hit by Teemu Pulkkinen and loses puck.
19:05 of 3rd period - Wrist shot by William Carrier.
19:05 of 3rd period - Stopped by Martin Jones with a rebound.
19:07 of 3rd period - Backhand shot by Samuel Groulx.
19:07 of 3rd period - Stopped by Martin Jones without a rebound.
19:08 of 3rd period - Steve Ott wins face-off versus Kyle Brodziak in Saguenéens zone.
19:37 of 3rd period - Wrist shot by Darren Helm.
19:37 of 3rd period - Goal by Darren Helm - Saguenéens : 2 - Ice Dragons : 6.
19:38 of 3rd period - Steve Ott wins face-off versus Kyle Brodziak in neutral zone.
Goals for this period are 1 for Saguenéens vs 3 for Ice Dragons.
Shots for this period are 11 for Saguenéens vs 18 for Ice Dragons.
Back to the Top